 Dungeon Crawl Stone Soup version 0.32-a0-660-g97ce250973 (webtiles) character file.

Game seed: 18418457724966322022

2442 GeoRichter the Carver (level 9, -5/69 HPs)
             Began as a Merfolk Warper on Mar 9, 2024.
             Was a Follower of Okawaru.
             Slain by a hornet (12 damage)
             ... while paralysed by a hornet
             ... on level 7 of the Dungeon.
             The game lasted 00:15:08 (6159 turns).

GeoRichter the Carver (Merfolk Warper)              Turns: 6159, Time: 00:15:09

Health: -5/69      AC:  7    Str: 11    XL:     9   Next: 49%
Magic:  12/12      EV:  2    Int: 13    God:    Okawaru [*.....]
Gold:   334        SH:  0    Dex: 17    Spells: 12/12 levels left

rFire   . . .        z - +0 long sword
rCold   . . .        (no shield)
rNeg    . . .        A - +1 robe of Dishonour {Slay+3}
rPois   .            (helmet currently unavailable)
rElec   .            (cloak currently unavailable)
rCorr   .            (gloves currently unavailable)
SInv    .            (boots currently unavailable)
Will    .....        (no amulet)
Stlth   ++           u - +4 ring of protection
HPRegen 0.31/turn    (no ring)
MPRegen 0.13/turn

%: no passive effects
@: paralysed, lethally poisoned (-5 -> -13), beast-form, slowed
A: beast (slay +1), (nimble swimmer 2), mertail
a: Begin Untransformation, Renounce Religion, Heroism


You were on level 7 of the Dungeon.
You worshipped Okawaru.
Okawaru was aware of your devotion.
You were a hulking beast.
You visited 2 branches of the dungeon, and saw 8 of its levels.
You also visited: Ossuary.

You collected 334 gold pieces.

Inventory:

Hand Weapons
 z - a +0 long sword (weapon)
   (You took it off a hobgoblin on level 4 of the Dungeon)
Missiles
 d - 7 darts of dispersal (quivered) {!f}
 D - 8 poisoned darts
Armour
 k - a +0 ring mail
   (You found it on level 1 of the Dungeon)
 A - the +1 robe of Dishonour (worn) {Slay+3}
   (You found it on level 5 of the Dungeon)

   Slay+3:    It affects your accuracy & damage with ranged weapons and melee
   (+3).
 E - a +0 pair of boots
   (You found it on level 7 of the Dungeon)
Jewellery
 u - a +4 ring of protection (left hand)
   (You found it on level 3 of the Dungeon)
Talismans
 o - a beast talisman (active)
   (You found it on level 1 of the Dungeon)
Wands
 v - a wand of flame (21)
   (You took it off a kobold on level 4 of the Dungeon)
 y - a wand of charming (2)
   (You took it off Ijyb on level 4 of the Dungeon)
Scrolls
 a - a scroll of identify {@r1}
 c - 4 scrolls of blinking
 f - a scroll of amnesia
 g - 2 scrolls of teleportation {@r4}
 l - 2 scrolls of noise {!r}
 p - 2 scrolls of enchant weapon
 t - 2 scrolls of immolation {!r}
 w - a scroll of torment {!r}
 B - a scroll of enchant armour {unknown}
 C - a scroll of silence {unknown}
Potions
 b - 2 potions of haste {@q3}
 e - 2 potions of might {unknown}
 h - 2 potions of curing {@q1}
 i - 2 potions of lignification {unknown}
 j - 2 potions of ambrosia {unknown}
 m - a potion of berserk rage {unknown}
 n - 3 potions of mutation {unknown}
 q - a potion of attraction {unknown}
 r - a potion of heal wounds {@q2}
 s - 4 potions of degeneration {unknown}
 x - a potion of brilliance {unknown}


   Skills:
 + Level 6.2 Fighting
 * Level 11.7 Long Blades
 - Level 1.0 Throwing
 - Level 0.6 Armour
 + Level 7.1 Dodging
 - Level 2.0 Spellcasting
 - Level 2.4 Translocations
 - Level 3.0 Shapeshifting


You had 12 spell levels left.
You didn't know any spells.
Your spell library contained the following spells:

 Spells                   Type           Power      Damage    Failure   Level
 Blink                    Tloc           14%        N/A       14%         2
 Lesser Beckoning         Tloc           14%        N/A       14%         2
 Teleport Other           Tloc           7%         N/A       28%         3
 Manifold Assault         Tloc           7%         N/A       67%         4
 Vhi's Electric Charge    Tloc/Air       8%         N/A       83%         4


Dungeon Overview and Level Annotations

Branches:
Dungeon (7/15) Zot: 26780  Temple (1/1) D:5 Zot: 5980 Ossuary (visited)

Altars:
Ashenzari
Cheibriados
Dithmenos
Fedhas
Gozag
Kikubaaqudgha
Makhleb
Nemelex Xobeh
Okawaru
Qazlal
Ru
Trog
Vehumet
Wu Jian

Annotations:
D:3 Sigmund


Innate Abilities, Weirdness & Mutations

You are a hulking beast.
Your limbs bulge with bestial killing power. (Slay +1)
((You are very nimble when in or above water. (Stealth+, EV+, Speed+++)))
Your lower body shifts to a powerful aquatic tail in water.


Message History

Your surroundings suddenly seem different.
Found a mace.
You start resting.
You feel yourself speed up.
HP restored.
The hornet buzzes angrily.
Aiming: Throw Flame
Press: ? - help, Shift-Dir - straight line, f - hornet
Aim: a hornet (52% to hit)
The puff of flame hits the hornet.
The hornet is lightly wounded.
The hornet stings you!
You feel yourself slow down.
You hit the hornet but do no damage.
The hornet is lightly wounded.
The hornet stings you!
You are poisoned.
You feel as though you will be slow longer.
The hornet stings you.
You are more poisoned.
You feel as though you will be slow longer.
Unknown command.
You barely miss the hornet.
The hornet is lightly wounded.
You feel very sick. The hornet stings you!
* * * LOW HITPOINT WARNING * * *
You are lethally poisoned!
You feel as though you will be slow longer.
The hornet stings you!
* * * LOW HITPOINT WARNING * * *
You are more poisoned.
You feel as though you will be slow longer.
Okay, then.
You feel better. The hornet stings you!
* * * LOW HITPOINT WARNING * * *
You are lethally poisoned!
You feel as though you will be slow longer.
The hornet closely misses you.
You feel better. The hornet stings you.
* * * LOW HITPOINT WARNING * * *
You are lethally poisoned!
You suddenly lose the ability to move!
The hornet stings you but does no damage.
* * * LOW HITPOINT WARNING * * *
You feel very sick. The hornet stings you.
* * * LOW HITPOINT WARNING * * *
You shrug off the repeated paralysis!
The hornet stings you!
You die...

### #.#### #....#
#.##.# #.##.#
#.##.# #.##.#
#.##.#######
#.#.......h#
#.########y.......
#.) ......... ###
...####### #...#
#...# #...# #...#


You could see a hornet.

Vanquished Creatures
  Prince Ribbit (D:6)
  2 wyverns
  A water moccasin (D:6)
  Duvessa (D:4)
  An ice beast (D:6)
  An ogre (D:4)
  3 elf zombies (Ossuary)
  A kobold brigand (D:6)
  4 scorpions
  Dowan (D:4)
  A human zombie (Ossuary)
  A bombardier beetle (D:5)
  4 hounds
  4 orc priests
  3 iguanas
  Ijyb (D:4)
  2 sleepcaps
  3 orc wizards
  3 hound zombies
  2 hound skeletons (D:4)
  4 mummies (Ossuary)
  4 gnolls (D:5)
  9 adders
  3 adder skeletons (D:4)
  An adder zombie (D:4)
  2 dart slugs (D:4)
  A ribbon worm (D:2)
  16 orcs
  6 ball pythons
  10 endoplasms
  3 giant cockroaches
  2 gnoll zombies (Ossuary)
  6 goblins
  5 hobgoblins
  3 jackals (D:3)
  9 kobolds
  A quokka (D:1)
  A bat (D:1)
  2 frilled lizards (D:2)
  A goblin zombie (Ossuary)
  A hobgoblin zombie (Ossuary)
  A jackal zombie (Ossuary)
  3 rats
  A rat zombie (Ossuary)
135 creatures vanquished.

Vanquished Creatures (collateral kills)
  Eustachio (D:4)
  A ribbon worm (D:4)
  A kobold (D:4)
3 creatures vanquished.

Vanquished Creatures (others)
  An orc wizard (D:4)
  An adder (D:4)
2 creatures vanquished.

Grand Total: 140 creatures vanquished

Notes
Turn   | Place    | Note
-------+----------+-------------------------------------------
     0 | D:1      | GeoRichter the Merfolk Warper began the quest for the Orb.
     0 | D:1      | Reached XP level 1. HP: 16/16 MP: 3/3
   131 | D:1      | Reached skill level 3 in Long Blades
   131 | D:1      | Reached XP level 2. HP: 23/23 MP: 5/5
   739 | D:2      | Reached XP level 3. HP: 28/28 MP: 6/6
   901 | D:2      | Reached skill level 1 in Shapeshifting
   982 | D:2      | Reached skill level 4 in Long Blades
  1367 | D:3      | Noticed Sigmund
  1498 | D:3      | Reached XP level 4. HP: 34/34 MP: 7/7
  1535 | D:3      | Noticed a scorpion
  1564 | D:3      | Killed a scorpion
  1565 | D:3      | Reached skill level 5 in Long Blades
  1565 | D:3      | Reached XP level 5. HP: 19/39 MP: 8/8
  2350 | D:3      | Reached skill level 6 in Long Blades
  2350 | D:3      | Reached XP level 6. HP: 27/46 MP: 9/9
  2490 | D:4      | Reached skill level 7 in Long Blades
  2702 | D:4      | Found a sand-covered staircase.
  2706 | D:4      | Noticed Duvessa
  2710 | D:4      | Reached XP level 7. HP: 49/50 MP: 10/10
  2713 | D:4      | Noticed Dowan
  2720 | Ossuary  | Entered an ossuary
  2736 | Ossuary  | Reached skill level 8 in Long Blades
  3265 | D:4      | Noticed Ijyb
  3309 | D:4      | Killed Ijyb
  3310 | D:4      | Reached skill level 9 in Long Blades
  3367 | D:4      | Killed Duvessa
  3368 | D:4      | Reached XP level 8. HP: 38/60 MP: 11/11
  3379 | D:4      | Killed Dowan
  3522 | D:4      | Found a sacrificial altar of Ru.
  3608 | D:4      | Found a radiant altar of Vehumet.
  3632 | D:4      | Noticed Eustachio
  3654 | D:4      | Killed Eustachio
  3770 | D:4      | Reached skill level 5 in Dodging
  3884 | D:4      | Noticed a wyvern
  3900 | D:4      | Killed a wyvern
  3901 | D:4      | Reached skill level 10 in Long Blades
  4022 | D:4      | Found an ancient bone altar of Kikubaaqudgha.
  4186 | D:5      | Entered Level 5 of the Dungeon
  4410 | D:5      | Reached skill level 5 in Fighting
  4464 | D:5      | Identified the +1 robe of Dishonour {Slay+3}
  4769 | D:5      | Found a staircase to the Ecumenical Temple.
  4786 | D:5      | Reached XP level 9. HP: 68/68 MP: 12/12
  4959 | Temple   | Entered the Ecumenical Temple
  4969 | Temple   | Became a worshipper of Warmaster Okawaru
  5017 | D:6      | Found an ornate altar of the Wu Jian Council.
  5029 | D:6      | Reached skill level 11 in Long Blades
  5337 | D:6      | Noticed Prince Ribbit
  5346 | D:6      | Killed Prince Ribbit
  5616 | D:6      | Reached * piety under Okawaru
  5965 | D:7      | Noticed a hornet
  6158 | D:7      | Paralysed by a hornet for 2 turns
  6159 | D:7      | Slain by a hornet

Illustrated notes

Levels and vault maps discovered:
D:1:      minmay_arrival_wavy_path, layout_loops_ring
D:2:      layout_rooms, hex_intersection
D:3:      layout_loops_ring, guppyfry_early_lair_pool, uniq_sigmund
D:4:      layout_basic, vehumet_altar_wand_db, grunt_temple_overflow_open,
          mainiacjoe_ossuary_entry_find_the_door, uniq_ijyb, uniq_eustachio,
          uniq_duvessa
D:5:      layout_basic, minmay_temple_entry_hall, minmay_misc_feat_square,
          hangedman_abyss_or_decor_lesser_grid
D:6:      layout_basic, mainiacjoe_overflow_small_starburst, uniq_prince_ribbit1
D:7:      layout_basic, mainiacjoe_overflow_big_doors
Temple:   nicolae_temple_two_arcs

Skill      XL: |  1  2  3  4  5  6  7  8  9 |
---------------+----------------------------+-----
Long Blades    | 3 4 5 6 7 9 10 11 | 11.7
Shapeshifting  | 1 2 3 |  3.0
Fighting       | 3 5 6 |  6.2
Dodging        | 4 6 7 |  7.1
Throwing       | |  1.0
Armour         | |  0.6
Spellcasting   | |  2.0
Translocations | |  2.4

Action                     |  1- 3 |  4- 6 |  7- 9 || total
---------------------------+-------+-------+-------++-------
  Melee: Falchion          |   117 |   161 |   215 ||   493
         Long sword        |       |       |   177 ||   177
  Evoke: Wand              |       |       |     5 ||     5
    Use: Scroll            |       |     5 |     7 ||    12
         Potion            |       |       |     7 ||     7
   Stab: Sleeping          |     1 |       |     4 ||     5
         Invisible         |       |       |    12 ||    12
 Armour: Leather armour    |    12 |       |       ||    12
         Ring mail         |    55 |   105 |   154 ||   314
         Robe              |       |       |    66 ||    66
  Dodge: Dodged            |    62 |    91 |   245 ||   398
   Form: Beast             |     1 |       |       ||     1

Table legend: (Time is in decaauts)
 A = Elapsed time spent in this place.
 B = Non-inter-level travel time spent in this place.
 C = Inter-level travel time spent in this place.
 D = Time resting spent in this place.
 E = Time spent auto-exploring this place.
 F = Levels seen in this place.
 G = Mean time per level.
                   A        B        C        D        E       F      G
               +--------+--------+--------+--------+--------+-----+--------+
         Total |   6109 |   5835 |    274 |    643 |   3548 |   9 |  678.8 |
       Dungeon |   5582 |   5325 |    257 |    591 |   3275 |   7 |  797.4 |
        Temple |     20 |      3 |     17 |      0 |      0 |   1 |   20.0 |
       Ossuary |    507 |    507 |      0 |     52 |    273 |   1 |  507.0 |
               +--------+--------+--------+--------+--------+-----+--------+

Top non-repeatable levels by time:
     D:4: 1165 daAuts
     D:3: 1104 daAuts
     D:6: 945 daAuts
     D:5: 771 daAuts
     D:1: 723 daAuts
     D:2: 653 daAuts
 Ossuary: 507 daAuts
     D:7: 218 daAuts
  Temple: 20 daAuts
